AAA
ANNAPOLIS ADMIRALS @ BAKERSFIELD CANNONS
05/10/2060
 
TOP OF THE 1ST
Annapolis Admirals batting - Pitching for Bakersfield Cannons : LHP Jeremy Fox
Pitching: LHP Jeremy Fox
Batting: RHB Braden Sacks 0-0: Called Strike
0-1: Ground out 3-1 (Groundball, 34S, EV 89.4 MPH)
Batting: LHB Gregg Flores 0-0: Ball
1-0: Ball
2-0: Swinging Strike
2-1: Swinging Strike
2-2: Foul Ball, location: 2F
2-2: Ground out 6-3 (Groundball, 6M, EV 90.0 MPH)
Batting: RHB Justyn Wylie 0-0: Ball
1-0: Called Strike
1-1: Called Strike
1-2: Foul Ball, location: 2F
1-2: Strikes out swinging
Top of the 1st over - 0 runs, 0 hits, 0 errors, 0 left on base; Annapolis 0 - Bakersfield 0
BOTTOM OF THE 1ST
Bakersfield Cannons batting - Pitching for Annapolis Admirals : LHP Bryn Gray
Pitching: LHP Bryn Gray
Batting: RHB Damon Squyres 0-0: Called Strike
0-1: Ground out 5-3 (Groundball, 56, EV 81.2 MPH)
Batting: RHB Elroy Saenz 0-0: Ball
1-0: Ball
2-0: Ball
3-0: Base on Balls
Batting: RHB Kaileb Romero 0-0: Called Strike
0-1: Foul Ball, location: 2F
0-2: Grounds out, U3 (Groundball, 3L, EV 110.6 MPH)
Batting: RHB Jake Christensen 0-0: SINGLE (Line Drive, 56D, EV 99.4 MPH)
Elroy Saenz to third
Runner from 3rd tries for Home, SAFE, throw by LF to home
Batting: RHB Marcus McGraw 0-0: Ball
1-0: Foul Ball, location: 2F
1-1: Fielders Choice at 2nd, 5-4 (Groundball, 56, EV 93.8 MPH)
Bottom of the 1st over - 1 run, 1 hit, 0 errors, 1 left on base; Annapolis 0 - Bakersfield 1
TOP OF THE 2ND
Annapolis Admirals batting - Pitching for Bakersfield Cannons : LHP Jeremy Fox
Batting: RHB Damon Dickinson 0-0: Ball
1-0: Reached on error, E6 (Groundball, 6, EV 85.0 MPH)
Batting: RHB Brian Williamson 0-0: Called Strike
0-1: Ball
1-1: Called Strike
1-2: Strikes out swinging
Batting: RHB Sonny Zidane 0-0: Ball
1-0: Foul Ball, location: 2F
1-1: Ball
Wild Pitch!
Damon Dickinson to second
2-1: Swinging Strike
2-2: Ball
3-2: Base on Balls
Batting: RHB Owen Orth 0-0: Called Strike
0-1: Ball
1-1: SINGLE (Groundball, 56D, EV 95.0 MPH)
Damon Dickinson to third
Sonny Zidane to second
Runner from 3rd tries for Home, SAFE, throw by LF to home
Batting: RHB Trey Densmore 0-0: Called Strike
0-1: Ball
1-1: Foul Ball, location: 2F
1-2: Ball
2-2: Foul Ball, location: 2F
2-2: Fly out, F8 (Line Drive, 89M, EV 91.2 MPH)
Batting: LHB Charlie Estes 0-0: Foul Ball, location: 2F
0-1: Ground out 4-3 (Groundball, 34, EV 87.5 MPH)
Top of the 2nd over - 1 run, 1 hit, 1 error, 2 left on base; Annapolis 1 - Bakersfield 1
BOTTOM OF THE 2ND
Bakersfield Cannons batting - Pitching for Annapolis Admirals : LHP Bryn Gray
Batting: LHB Melchior Werth 0-0: Ball
1-0: Ball
2-0: Ball
3-0: Called Strike
3-1: Base on Balls
Batting: RHB Zack Simmons 0-0: Foul Ball, location: 2F
0-1: Ball
1-1: Ball
2-1: Ball
3-1: Called Strike
3-2: Grounds into double play, 4-6-3 (Groundball, 4, EV 110.6 MPH)
Batting: LHB Joey Manning 0-0: Ball
1-0: Foul Ball, location: 2F
1-1: Ball
2-1: Foul Ball, location: 2F
2-2: Ball
3-2: Foul Ball, location: 2F
3-2: Base on Balls
Batting: RHB Nelson Dimas 0-0: Called Strike
0-1: Swinging Strike
0-2: Ball
1-2: Ball
2-2: Ground out U3 (Groundball, 3, EV 84.4 MPH)
Bottom of the 2nd over - 0 runs, 0 hits, 0 errors, 1 left on base; Annapolis 1 - Bakersfield 1
TOP OF THE 3RD
Annapolis Admirals batting - Pitching for Bakersfield Cannons : LHP Jeremy Fox
Batting: RHB Braden Sacks 0-0: Ball
1-0: Ball
2-0: Ball
3-0: Base on Balls
Batting: LHB Gregg Flores 0-0: Ball
1-0: Ball
2-0: Called Strike
2-1: SINGLE (Groundball, 34D, EV 95.6 MPH)
Braden Sacks to second
Runner from 2nd tries for 3rd, SAFE, throw by RF made at trailing runner, OUT! 9-6
Batting: RHB Justyn Wylie 0-0: Swinging Strike
0-1: Ball
1-1: Ball
2-1: Ground out 6-3 (Groundball, 6, EV 84.4 MPH)
Braden Sacks scores
Batting: RHB Damon Dickinson 0-0: Ball
1-0: Ball
2-0: Called Strike
2-1: Foul Ball, location: 2F
2-2: Strikes out looking
Top of the 3rd over - 1 run, 1 hit, 0 errors, 0 left on base; Annapolis 2 - Bakersfield 1
BOTTOM OF THE 3RD
Bakersfield Cannons batting - Pitching for Annapolis Admirals : LHP Bryn Gray
Batting: RHB Damon Squyres 0-0: Foul Ball, location: 2F
0-1: Fly out, F8 (Flyball, 8LD, EV 85.0 MPH)
Batting: RHB Elroy Saenz 0-0: Ball
1-0: Ground out 5-3 (Groundball, 5, EV 91.9 MPH)
Batting: RHB Kaileb Romero 0-0: Ball
1-0: Foul Ball, location: 2F
1-1: Foul Ball, location: 2F
1-2: Foul Ball, location: 2F
1-2: Foul Ball, location: 2F
1-2: SINGLE (Groundball, 6MD, EV 100.6 MPH)
Batting: RHB Jake Christensen 0-0: Ball
1-0: Called Strike
1-1: 2-RUN HOME RUN (Flyball, 7D, EV 101.9 MPH), Distance : 387 ft
Batting: RHB Marcus McGraw 0-0: Ball
1-0: Fly out, F9 (Flyball, 9, EV 95.6 MPH)
Bottom of the 3rd over - 2 runs, 2 hits, 0 errors, 0 left on base; Annapolis 2 - Bakersfield 3
TOP OF THE 4TH
Annapolis Admirals batting - Pitching for Bakersfield Cannons : LHP Jeremy Fox
Batting: RHB Brian Williamson 0-0: SINGLE (Line Drive, 7S, EV 86.9 MPH)
Batting: RHB Sonny Zidane 0-0: Swinging Strike
0-1: Ball
1-1: Swinging Strike
1-2: Ball
2-2: Ball
3-2: Foul Ball, location: 2F
3-2: Strikes out looking
Batting: RHB Owen Orth 0-0: Ball
1-0: Foul Ball, location: 2F
1-1: Fielders Choice at 2nd, 3-6 (Groundball, 34, EV 110.6 MPH)
Batting: RHB Trey Densmore 0-0: Called Strike
0-1: Ball
1-1: Called Strike
1-2: Ball
2-2: Foul Ball, location: 2F
2-2: Ball
3-2: Foul Ball, location: 2F
3-2: Foul Ball, location: 2F
3-2: Fly out, F6 (Line Drive, 6MD, EV 67.5 MPH)
Top of the 4th over - 0 runs, 1 hit, 0 errors, 1 left on base; Annapolis 2 - Bakersfield 3
BOTTOM OF THE 4TH
Bakersfield Cannons batting - Pitching for Annapolis Admirals : LHP Bryn Gray
Batting: LHB Melchior Werth 0-0: Called Strike
0-1: Ball
1-1: DOUBLE (Flyball, 8LXD, EV 106.2 MPH)
Batting: RHB Zack Simmons 0-0: Foul Ball, location: 2F
0-1: Ball
1-1: Foul Ball, location: 2F
1-2: Ball
2-2: Foul Ball, location: 2F
2-2: Foul Ball, location: 2F
2-2: Foul Ball, location: 2F
2-2: Foul Ball, location: 2F
2-2: Ball
3-2: Strikes out swinging
Batting: LHB Joey Manning 0-0: Ball
1-0: Swinging Strike
1-1: Foul Ball, location: 2F
1-2: Strikes out swinging
Batting: RHB Nelson Dimas 0-0: Ground out 5-3 (Groundball, 5, EV 81.2 MPH)
Bottom of the 4th over - 0 runs, 1 hit, 0 errors, 1 left on base; Annapolis 2 - Bakersfield 3
TOP OF THE 5TH
Annapolis Admirals batting - Pitching for Bakersfield Cannons : LHP Jeremy Fox
Batting: LHB Charlie Estes 0-0: Called Strike
0-1: Foul Ball, location: 2F
0-2: Foul Ball, location: 2F
0-2: Ball
1-2: Ball
2-2: Foul Ball, location: 2F
2-2: Strikes out swinging
Batting: RHB Braden Sacks 0-0: SINGLE (Line Drive, 56D, EV 97.5 MPH)
Batting: LHB Gregg Flores 0-0: Ball
1-0: Called Strike
1-1: Called Strike
1-2: Foul Ball, location: 2F
1-2: Ball
2-2: Foul Ball, location: 2F
2-2: Ball
3-2: Base on Balls
Braden Sacks to second
Batting: RHB Justyn Wylie 0-0: Foul Ball, location: 2F
0-1: Called Strike
0-2: Ball
1-2: Strikes out swinging
Batting: RHB Damon Dickinson 0-0: Foul Ball, location: 2F
0-1: Foul Ball, location: 2F
0-2: Ball
1-2: Ball
2-2: Ground out 6-3 (Groundball, 6S, EV 71.2 MPH)
Top of the 5th over - 0 runs, 1 hit, 0 errors, 2 left on base; Annapolis 2 - Bakersfield 3
BOTTOM OF THE 5TH
Bakersfield Cannons batting - Pitching for Annapolis Admirals : LHP Bryn Gray
Batting: RHB Damon Squyres 0-0: Ball
1-0: Ball
2-0: Ground out U3 (Groundball, 3, EV 86.9 MPH)
Batting: RHB Elroy Saenz 0-0: Ball
1-0: Ball
2-0: Called Strike
2-1: Ball
3-1: Fly out, F9 (Line Drive, 9, EV 86.9 MPH)
Batting: RHB Kaileb Romero 0-0: Ball
1-0: Foul Ball, location: 2F
1-1: DOUBLE (Line Drive, 9LS, EV 93.1 MPH)
Batting: RHB Jake Christensen 0-0: Called Strike
0-1: Foul Ball, location: 2F
0-2: Fly out, F8 (Flyball, 8LD, EV 91.2 MPH)
Bottom of the 5th over - 0 runs, 1 hit, 0 errors, 1 left on base; Annapolis 2 - Bakersfield 3
TOP OF THE 6TH
Annapolis Admirals batting - Pitching for Bakersfield Cannons : LHP Jeremy Fox
Batting: RHB Brian Williamson 0-0: Ball
1-0: SINGLE (Groundball, 56D, EV 94.4 MPH)
Pitching: RHP Dionte Claridy
Batting: RHB Sonny Zidane 0-0: Ball
1-0: Bunted foul
1-1: Ball
2-1: Bunted foul
2-2: Ball
3-2: Base on Balls
Brian Williamson to second
Batting: RHB Owen Orth 0-0: Swinging Strike
0-1: Sac Bunt to P - play at first, batter OUT! 1-3
Brian Williamson to third
Sonny Zidane to second
Batting: RHB Trey Densmore 0-0: SINGLE (Line Drive, 9S, EV 103.8 MPH)
Brian Williamson scores
Sonny Zidane to third
Batting: LHB Charlie Estes 0-0: Called Strike
0-1: Ball
1-1: Grounds out, U3 (Groundball, 3L, EV 91.2 MPH)
Sonny Zidane scores
Batting: RHB Braden Sacks 0-0: Called Strike
0-1: Fly out, F8 (Flyball, 78S, EV 92.5 MPH)
Top of the 6th over - 2 runs, 2 hits, 0 errors, 1 left on base; Annapolis 4 - Bakersfield 3
BOTTOM OF THE 6TH
Bakersfield Cannons batting - Pitching for Annapolis Admirals : LHP Bryn Gray
Batting: RHB Marcus McGraw 0-0: Ball
1-0: Swinging Strike
1-1: Ball
2-1: Ball
3-1: Swinging Strike
3-2: Base on Balls
Batting: LHB Melchior Werth 0-0: Called Strike
0-1: SINGLE (Groundball, 4MD, EV 106.2 MPH)
Marcus McGraw to second
Batting: RHB Zack Simmons 0-0: Sac Bunt to P - play at first, batter OUT! 1-4
Marcus McGraw to third
Melchior Werth to second
Batting: LHB Joey Manning 0-0: Ball
1-0: Fly out, F8 (Flyball, 8RM, EV 82.5 MPH)
Runner from 3rd tags up, SCORES, throw by CF
Batting: RHB Nelson Dimas 0-0: Ball
1-0: Ball
2-0: Called Strike
2-1: Called Strike
2-2: Foul Ball, location: 2F
2-2: Foul Ball, location: 2F
2-2: Foul Ball, location: 2F
2-2: Ball
3-2: Foul Ball, location: 2F
3-2: Foul Ball, location: 2F
3-2: Base on Balls
Pitching: RHP Tommy Wilson
Batting: RHB Damon Squyres 0-0: Called Strike
0-1: SINGLE (Flyball, 3D, EV 93.8 MPH)
Melchior Werth to third
Nelson Dimas to second
Runner from 3rd tries for Home, throw by RF and OUT! 9-2
Bottom of the 6th over - 1 run, 2 hits, 0 errors, 2 left on base; Annapolis 4 - Bakersfield 4
TOP OF THE 7TH
Annapolis Admirals batting - Pitching for Bakersfield Cannons : RHP Dionte Claridy
Batting: LHB Gregg Flores 0-0: Foul Ball, location: 2F
0-1: Ball
1-1: SINGLE (Groundball, 4MD, EV 108.1 MPH)
Batting: RHB Justyn Wylie 0-0: Ball
1-0: Foul Ball, location: 2F
1-1: 2-RUN HOME RUN (Flyball, 78XD, EV 106.9 MPH), Distance : 419 ft
Pitching: RHP Addison Diehl
Batting: RHB Damon Dickinson 0-0: Foul Ball, location: 2F
0-1: Ball
1-1: Called Strike
1-2: Foul Ball, location: 2F
1-2: Strikes out looking
Batting: RHB Brian Williamson 0-0: Swinging Strike
0-1: Called Strike
0-2: Ball
1-2: Strikes out looking
Batting: RHB Sonny Zidane 0-0: Ball
1-0: Swinging Strike
1-1: Foul Ball, location: 2F
1-2: Foul Ball, location: 2F
1-2: Foul Ball, location: 2F
1-2: Foul Ball, location: 2F
1-2: Foul Ball, location: 2F
1-2: Foul Ball, location: 2F
1-2: Foul Ball, location: 2F
1-2: Ball
2-2: Ball
3-2: Fly out, F9 (Flyball, 9LM, EV 80.6 MPH)
Top of the 7th over - 2 runs, 2 hits, 0 errors, 0 left on base; Annapolis 6 - Bakersfield 4
BOTTOM OF THE 7TH
Bakersfield Cannons batting - Pitching for Annapolis Admirals : RHP Tommy Wilson
Batting: RHB Elroy Saenz 0-0: Fly out, F7 (Flyball, 7S, EV 90.6 MPH)
Batting: RHB Kaileb Romero 0-0: Ball
1-0: Reached on error, E6 (Groundball, 6, EV 86.9 MPH)
Batting: RHB Jake Christensen 0-0: Swinging Strike
0-1: Swinging Strike
0-2: Ball
1-2: Strikes out swinging
Batting: RHB Marcus McGraw 0-0: Foul Ball, location: 2F
0-1: SINGLE (Groundball, 34, EV 82.5 MPH) (infield hit)
Kaileb Romero to second
Batting: LHB Melchior Werth 0-0: Foul Ball, location: 2F
0-1: Foul Ball, location: 2F
0-2: Fly out, F7 (Flyball, 7S, EV 83.1 MPH)
Bottom of the 7th over - 0 runs, 1 hit, 1 error, 2 left on base; Annapolis 6 - Bakersfield 4
TOP OF THE 8TH
Annapolis Admirals batting - Pitching for Bakersfield Cannons : RHP Addison Diehl
Pitching: LHP Maxwell Cullen
Batting: RHB Owen Orth 0-0: Ball
1-0: Fly out, F8 (Line Drive, 8RM, EV 92.5 MPH)
Batting: RHB Trey Densmore 0-0: Ball
1-0: Ball
2-0: Foul Ball, location: 2F
2-1: Fly out, F8 (Flyball, 78M, EV 91.2 MPH)
Batting: LHB Charlie Estes 0-0: Ball
1-0: Called Strike
1-1: Foul Ball, location: 2F
1-2: Fly out, F7 (Flyball, 7, EV 85.0 MPH)
Top of the 8th over - 0 runs, 0 hits, 0 errors, 0 left on base; Annapolis 6 - Bakersfield 4
BOTTOM OF THE 8TH
Bakersfield Cannons batting - Pitching for Annapolis Admirals : RHP Tommy Wilson
Batting: RHB Zack Simmons 0-0: Foul Ball, location: 2F
0-1: Ball
1-1: Ground out 6-3 (Groundball, 6, EV 77.5 MPH)
Batting: LHB Joey Manning 0-0: Ball
1-0: Fly out, F8 (Flyball, 8LS, EV 98.1 MPH)
Batting: RHB Nelson Dimas 0-0: Ball
1-0: SINGLE (Groundball, 56D, EV 95.0 MPH)
Batting: RHB Damon Squyres 0-0: Ball
1-0: Ball
2-0: SINGLE (Groundball, 6MD, EV 95.6 MPH)
Nelson Dimas to second
Runner from 2nd tries for 3rd, OUT! 8-5
Bottom of the 8th over - 0 runs, 2 hits, 0 errors, 1 left on base; Annapolis 6 - Bakersfield 4
TOP OF THE 9TH
Annapolis Admirals batting - Pitching for Bakersfield Cannons : LHP Maxwell Cullen
Batting: RHB Braden Sacks 0-0: Swinging Strike
0-1: SINGLE (Flyball, 6D, EV 90.6 MPH)
Batting: LHB Gregg Flores 0-0: Ball
Braden Sacks steals 2nd base
1-0: Called Strike
1-1: Ball
2-1: Called Strike
2-2: Strikes out swinging
Batting: RHB Justyn Wylie 0-0: Intentional Walk
Batting: RHB Damon Dickinson 0-0: Ball
1-0: Ball
2-0: Called Strike
2-1: Called Strike
2-2: Foul Ball, location: 2F
2-2: Strikes out swinging
Pitching: RHP Leonard Yong
Batting: RHB Brian Williamson 0-0: Swinging Strike
0-1: Ball
1-1: Ground out 4-3 (Groundball, 4, EV 85.0 MPH)
Top of the 9th over - 0 runs, 1 hit, 0 errors, 2 left on base; Annapolis 6 - Bakersfield 4
BOTTOM OF THE 9TH
Bakersfield Cannons batting - Pitching for Annapolis Admirals : RHP Tommy Wilson
Pitching: LHP Kyle Heldt
Now at 1B: Sonny Zidane
Now at 2B: Trey Densmore
Now at SS: Antonio Boyle
Batting: RHB Elroy Saenz 0-0: Ball
1-0: Foul Ball, location: 2F
1-1: Swinging Strike
1-2: Ball
2-2: Ball
3-2: Strikes out swinging
Batting: RHB Kaileb Romero 0-0: Ball
1-0: Foul Ball, location: 2F
1-1: Swinging Strike
1-2: Ball
2-2: Fly out, F7 (Flyball, 78D, EV 103.1 MPH)
Batting: RHB Jake Christensen 0-0: Foul Ball, location: 2F
0-1: Foul Ball, location: 2F
0-2: Strikes out swinging
Bottom of the 9th over - 0 runs, 0 hits, 0 errors, 0 left on base; Annapolis 6 - Bakersfield 4
Monday, April 29th , 2024 - OOTP Baseball 23.10 Build 110